 Dungeon Crawl Stone Soup version 0.31-a0-1469-gd420192 (webtiles) character file.

Game seed: 16731825050549082786

1457 Quy the Cudgeller (level 8, -5/80 HPs)
             Began as a Troll Berserker on Dec 28, 2023.
             Was a Priest of Trog.
             Succumbed to a killer bee's poison
             ... on level 6 of the Dungeon.
             The game lasted 00:29:13 (5075 turns).

Quy the Cudgeller (Troll Berserker)                 Turns: 5075, Time: 00:29:14

Health: -5/80      AC:  6    Str: 34    XL:     8   Next: 47%
Magic:  7/7        EV: 12    Int: -2    God:    Trog [***...]
Gold:   306        SH:  0    Dex: 15    Spells: 7/7 levels left

rFire   + . .        c - +7 sling of the Mind {elec, rElec Int-5 SInv Stlth+}
rCold   . . .        (no shield)
rNeg    . . .        m - +2 robe {rF+}
rPois   .            (helmet restricted)
rElec   +            (no cloak)
rCorr   .            (gloves unavailable)
SInv    +            (boots unavailable)
Will    .....        r - amulet of faith
Stlth   +++          a - +6 ring of dexterity
HPRegen 1.13/turn    t - +6 ring of strength
MPRegen 0.10/turn

%: faith
@: lethally poisoned (-5 -> -14), on berserk cooldown, slowed, lost
intelligence, unable to read, very slow
A: large, unfitting armour, claws 3, regeneration 1, shaggy fur 1, tough skin 1
a: Renounce Religion, Berserk, Trog's Hand


You were on level 6 of the Dungeon.
You worshipped Trog.
Trog was most pleased with you.
You visited 2 branches of the dungeon, and saw 8 of its levels.

You collected 334 gold pieces.
You spent 28 gold pieces at shops.

Inventory:

Hand Weapons
 c - the +7 sling of the Mind (weapon) {elec, rElec Int-5 SInv Stlth+}
   (You found it on level 2 of the Dungeon)

   Int-5:     It affects your intelligence (-5).
   rElec:     It insulates you from electricity.
   SInv:      It lets you see invisible.
   Stlth+:    It makes you more stealthy.
Missiles
 d - 7 poisoned darts
 n - 6 boomerangs
Armour
 m - a +2 robe of fire resistance (worn)
Jewellery
 a - a +6 ring of dexterity (left claw)
 r - an amulet of faith (around neck)
 t - a +6 ring of strength (right claw)
Talismans
 g - a blade talisman
 o - a flux talisman
 p - a blade talisman
Wands
 u - a wand of iceblast (21)
 v - a wand of mindburst (14)
Scrolls
 f - 2 scrolls of enchant armour
 h - a scroll of immolation
 q - 2 scrolls of teleportation (quivered)
 s - a scroll of amnesia
 w - a scroll of revelation {unknown}
 x - 2 scrolls of fog
 y - a scroll of fear {unknown}
Potions
 b - 2 potions of ambrosia {unknown}
 e - a potion of enlightenment {unknown}
 i - a potion of might {unknown}
 j - 3 potions of mutation {unknown}
 k - 8 potions of curing
 l - a potion of haste {unknown}
 z - 2 potions of resistance {unknown}


   Skills:
 + Level 5.0 Fighting
 + Level 6.2 Maces & Flails
 + Level 1.9 Ranged Weapons
 + Level 5.1 Dodging
 + Level 1.1 Stealth


You had 7 spell levels left.
You didn't know any spells.
Your spell library contained the following spells:

 Spells                   Type           Power      Damage    Failure   Level
 Dazzling Flash           Conj/Hex       0%         N/A       92%         3
 Volatile Blastmotes      Fire/Tloc      0%         2d10      92%         3
 Starburst                Conj/Fire      0%         6d3       100%        6
 Maxwell's Capacitive Co  Air            0%         ∞         100%        8


Dungeon Overview and Level Annotations

Branches:
Dungeon (7/15)             Temple (1/1) D:6

Altars:
Ashenzari
Cheibriados
Dithmenos
Elyvilon
Fedhas
Gozag
Hepliaklqana
Makhleb
Okawaru
Qazlal
Sif Muna
Trog
Wu Jian
Xom
Yredelemnul
Zin
The Shining One

Shops:
D:1 *   D:2 *


Innate Abilities, Weirdness & Mutations

You are too large for most types of armour.
You have claws for hands.
Your natural rate of healing is unusually fast.
You are covered in fur. (AC +1)
You have tough skin. (AC +1)


Message History

The killer bee poisons you!
The centaur hits you but does no damage.
The centaur closely misses you.
The centaur shoots an arrow.
The arrow hits you! The killer bee stings you.
You are more poisoned.
The killer bee poisons you! The killer bee stings you. x2
The centaur barely misses you.
The centaur kicks you but does no damage.
The centaur shoots an arrow.
The arrow misses you.
The arrow misses the killer bee.
You feel very sick.
The centaur wields a +0 shortbow.
The centaur shoots an arrow.
The arrow hits you!
* * * LOW HITPOINT WARNING * * *
The centaur shoots an arrow.
The arrow hits you.
* * * LOW HITPOINT WARNING * * *
The centaur shoots an arrow.
The arrow hits you.
* * * LOW HITPOINT WARNING * * *
There is a stone staircase leading up, spattered with blood here.
You feel a strong urge to attack something.
You feel very sick. The killer bee stings you.
* * * LOW HITPOINT WARNING * * *
The killer bee stings you.
* * * LOW HITPOINT WARNING * * *
You are more poisoned.
The killer bee poisons you! The killer bee misses you.
The killer bee stings you but does no damage.
The centaur shoots an arrow.
The arrow hits you!
* * * LOW HITPOINT WARNING * * *
You climb upwards.
You are no longer berserk.
You are exhausted.
You feel yourself slow down.
* * * LOW HITPOINT WARNING * * *
You feel extremely sick.
There is a stone staircase leading down here.
You shoot a sling bullet. The sling bullet hits the killer bee.
The killer bee is lightly wounded.
You die...

#.#####.# #.############.
#.......# #..............
#.#########).###########.
######'## ###.......# #.
#.......# #.........# #.
#.......######..#.....# ##
#.....................#
#.......#####.##......#
#............@##......#
#.......##...yy.......#
#.).....##............###
#.......#####.###.......#
#......... .....#.......#
#.......#####.#.#.......#
########### #...#.......######
#.........# ##................
#..)......#######.....######..


You could see 2 killer bees.

Vanquished Creatures
  2 ice beasts
  3 ogres
  3 centaurs (D:5)
  2 scorpions
  A jelly (D:4)
  3 bombardier beetles
  2 orc priests
  3 iguanas
  5 orc wizards
  2 sleepcaps (D:5)
  3 gnolls (D:4)
  10 adders
  A shadow imp (D:5)
  2 ufetubi (D:6)
  A worm (D:5)
  3 dart slugs (D:2)
  11 orcs
  8 ball pythons
  5 endoplasms
  6 giant cockroaches
  4 goblins
  9 hobgoblins
  4 jackals
  6 kobolds
  6 quokkas
  A bat (D:1)
  6 frilled lizards
  3 rats
115 creatures vanquished.

Notes
Turn   | Place    | Note
-------+----------+-------------------------------------------
     0 | D:1      | Quy the Troll Berserker began the quest for the Orb.
     0 | D:1      | Reached XP level 1. HP: 22/22 MP: 0/0
   159 | D:1      | Reached XP level 2. HP: 29/29 MP: 1/1
   271 | D:1      | Reached skill level 3 in Maces & Flails
   388 | D:1      | Found Nekodgh's General Store.
   439 | D:1      | Bought a scroll of identify for 28 gold pieces
   593 | D:1      | Reached ** piety under Trog
   602 | D:1      | Reached XP level 3. HP: 34/36 MP: 2/2
   910 | D:2      | Found a faded altar of an unknown god.
  1136 | D:2      | Found Xiseewn's Assorted Antiques.
  1192 | D:2      | Found a glowing silver altar of Zin.
  1538 | D:2      | Identified the +7 sling of the Mind {elec, rElec Int-5 SInv
                  | Stlth+}
  1540 | D:2      | Lost intelligence.
  1812 | D:3      | Found an iron altar of Okawaru.
  1925 | D:3      | Reached XP level 4. HP: 29/44 MP: 3/3
  2647 | D:4      | Reached XP level 5. HP: 29/53 MP: 4/4
  2664 | D:4      | Reached skill level 1 in Ranged Weapons
  2704 | D:4      | Found a shimmering blue altar of Sif Muna.
  2773 | D:4      | Reached *** piety under Trog
  2797 | D:4      | Found a white marble altar of Elyvilon.
  3003 | D:4      | Reached XP level 6. HP: 6/61 MP: 5/5
  3092 | D:4      | Reached skill level 4 in Maces & Flails
  3226 | D:4      | Found a shadowy altar of Dithmenos.
  3393 | D:5      | Entered Level 5 of the Dungeon
  3423 | D:5      | Reached skill level 1 in Stealth
  3552 | D:5      | Reached XP level 7. HP: 64/68 MP: 6/6
  3833 | D:5      | Reached skill level 5 in Maces & Flails
  3833 | D:5      | Reached **** piety under Trog
  3970 | D:5      | Reached XP level 8. HP: 70/79 MP: 7/7
  4446 | D:6      | Reached skill level 6 in Maces & Flails
  4508 | D:6      | Lost intelligence.
  4579 | D:6      | Found a staircase to the Ecumenical Temple.
  4601 | D:6      | Reached skill level 5 in Dodging
  4642 | Temple   | Entered the Ecumenical Temple
  4723 | D:6      | Reached skill level 5 in Fighting
  5074 | D:6      | HP: 1/80 [poisoned by a killer bee]
  5075 | D:6      | Succumbed to a killer bee's poison

Illustrated notes

Levels and vault maps discovered:
D:1:      ldierk_walled_garden, layout_rooms, serial_shops, shop,
          nicolae_the_louvre
D:2:      layout_basic, serial_shops, shop, basic_altar,
          shapermc_ecumenical_altar_mp_urbaneastern, minmay_misc_feat_chi
D:3:      minmay_wonky_spiral, layout_basic, old_standard_altar
D:4:      layout_basic, mainiacjoe_overflow_24_doors, elyvilon_altar_3,
          mainiacjoe_overflow_boulevard, corexii_leaking_fountain
D:5:      minmay_bubble_buster, layout_basic
D:6:      layout_basic, minmay_temple_entry_statues
D:7:      kennysheep_seaside_town, layout_basic
Temple:   nicolae_temple_ecumenical_triangle

Skill      XL: |  1  2  3  4  5  6  7  8 |
---------------+-------------------------+-----
Maces & Flails | 3 4 5 6 |  6.2
Dodging        | 3 4 5 |  5.1
Fighting       | 3 4 5 |  5.0
Ranged Weapons | 1 |  1.9
Stealth        | 1 |  1.1

Action                     |  1- 3 |  4- 6 |  7- 9 || total
---------------------------+-------+-------+-------++-------
  Melee: Mace              |   145 |    80 |       ||   225
         Punch             |     3 |       |       ||     3
         Giant spiked club |       |    26 |   140 ||   166
         Sling             |       |       |     1 ||     1
   Fire: Sling             |    12 |    21 |    29 ||    62
 Invoke: Berserk           |       |     2 |     3 ||     5
         Trog's Hand       |       |       |     1 ||     1
    Use: Scroll            |     2 |     2 |     4 ||     8
         Potion            |       |     1 |       ||     1
   Stab: Sleeping          |     1 |       |     1 ||     2
 Armour: Animal skin       |    75 |       |       ||    75
         Robe              |    21 |   149 |   327 ||   497
  Dodge: Dodged            |    92 |    98 |   162 ||   352
         Form:             |     1 |     1 |       ||     2
         Blade             |     1 |       |       ||     1
         Flux              |       |     1 |       ||     1

Table legend: (Time is in decaauts)
 A = Elapsed time spent in this place.
 B = Non-inter-level travel time spent in this place.
 C = Inter-level travel time spent in this place.
 D = Time resting spent in this place.
 E = Time spent auto-exploring this place.
 F = Levels seen in this place.
 G = Mean time per level.
                   A        B        C        D        E       F      G
               +--------+--------+--------+--------+--------+-----+--------+
         Total |   6048 |   1493 |   4555 |      0 |     30 |   8 |  756.0 |
       Dungeon |   5965 |   1490 |   4475 |      0 |     30 |   7 |  852.1 |
        Temple |     83 |      4 |     79 |      0 |      0 |   1 |   83.0 |
               +--------+--------+--------+--------+--------+-----+--------+

Top non-repeatable levels by time:
     D:3: 1267 daAuts
     D:2: 1057 daAuts
     D:5: 1025 daAuts
     D:6: 967 daAuts
     D:4: 845 daAuts
     D:1: 791 daAuts
  Temple: 83 daAuts
     D:7: 9 daAuts
